 Dungeon Crawl Stone Soup version 0.27.1-33-g824d729ab1 (webtiles) character file.

Game seed: 10673203851930678641

872 dianekeaton the Basher (level 7, -1/54 (57) HPs)
             Began as a Minotaur Berserker on Dec 6, 2021.
             Was a Priest of Trog.
             Slain by a wight (2 damage)
             ... on level 5 of the Dungeon.
             The game lasted 00:11:37 (4867 turns).

dianekeaton the Basher (Minotaur Berserker)         Turns: 4867, Time: 00:11:38

HP:   -1/54 (57)    AC:  9    Str: 21      XL:     7   Next: 74%
MP:   6/6           EV:  8    Int:  1 (4)  God:    Trog [***...]
Gold: 179           SH:  4    Dex: 11 (12) Spells: 6/6 levels left

rFire    + . .     SeeInvis .   a - +0 mace
rCold    . . .     Faith    .   q - +0 buckler
rNeg     . . .     Spirit   .   b - +1 chain mail
rPois    .         Reflect  .   (helmet restricted)
rElec    .         Harm     .   (no cloak)
rCorr    .         Rampage  .   (no gloves)
Will     ++...                  (no boots)
Stlth    ..........             (no amulet)
HPRegen  1.18/turn              (no ring)
MPRegen  0.10/turn              (no ring)

@: strong-willed, on berserk cooldown, regenerating, slowed, drained, very slow
A: horns 2, retaliatory headbutt, fire resistance 1, evolution 1, MP-powered
wands
a: Renounce Religion, Berserk, Trog's Hand


You were on level 5 of the Dungeon.
You worshipped Trog.
Trog was most pleased with you.
You visited 1 branch of the dungeon, and saw 5 of its levels.

You collected 179 gold pieces.

Inventory:

Hand Weapons
 a - a +0 mace (weapon)
Armour
 b - a +1 chain mail (worn)
 q - a +0 buckler (worn)
Jewellery
 l - an amulet of magic regeneration
 o - a ring of magical power
Scrolls
 f - a scroll of teleportation
Potions
 c - a potion of flight
 d - a potion of lignification
 e - 2 potions of brilliance
 n - a potion of resistance


   Skills:
 - Level 3.6 Fighting
 + Level 10.4 Maces & Flails
 - Level 2.4 Armour
 - Level 2.1 Dodging
 - Level 1.7 Stealth
 + Level 2.3 Shields


You had 6 spell levels left.
You didn't know any spells.
Your spell library was empty.

Dungeon Overview and Level Annotations

Branches:
Dungeon (5/15)
 Temple: D:4-7

Altars:
Uskayaw
Wu Jian
Yredelemnul


Innate Abilities, Weirdness & Mutations

You have a pair of horns on your head.
You reflexively headbutt those who attack you in melee.
Your flesh is heat resistant. (rF+)
You evolve.
You expend magic power (3 MP) to strengthen your wands.


Message History

You kill the gnoll sergeant!
Trog accepts your kill.
You feel your dexterity returning.
An orc warrior comes into view. It is wielding a +0 long sword.
The iguana bites you.
Items here: ) [[ †.
You sock the iguana!
The iguana is almost dead.
You hit the iguana.
You kill the iguana!
Trog accepts your kill.
Found a glowing demon blade.
A wight comes into view. It is wielding a +0 falchion.
You feel a strong urge to attack something.
An orc comes into view. It is wielding a +0 flail.
The orc warrior hits you with a +0 long sword!
You hit the orc warrior but do no damage.
You closely miss the orc warrior. You headbutt the orc warrior!
The orc warrior is moderately wounded.
The orc warrior hits you with a +0 long sword!
* * * LOW HITPOINT WARNING * * *
You are no longer berserk.
You are exhausted.
You feel yourself slow down. The wight hits you with a +0 falchion.
* * * LOW HITPOINT WARNING * * *
You feel drained.
Items here: ) [[ †.
Your skin crawls.
You feel strong-willed.
The wight hits you but does no damage. x2
The orc warrior hits you with a +0 long sword!
* * * LOW HITPOINT WARNING * * *
The wight hits you but does no damage. The wight hits you with a +0 falchion.
* * * LOW HITPOINT WARNING * * *
The wight hits you with a +0 falchion!
* * * LOW HITPOINT WARNING * * *
You feel drained.
You die...

#..####..# # #.#.....#
.#. #..# ... #######.#.#
#.###.# .
.........#.#### #).#..
.#
......#.###...###.#.##.#
##....##.#....).oo.....#
##.#.###.###.#.#z#.####
#.#.....###...@...#
#........>........#
###.###.#####.##### #.#
#.# #.# #.# #.# #.# #.#
#.# #.# #.# #.# #.# #.#
#.. ... #.#


You could see a wight and an orc.

Vanquished Creatures
  A black bear (D:3)
  A necrophage (D:4)
  A centaur (D:5)
  2 ogres (D:5)
  A bullfrog (D:4)
  A gnoll sergeant (D:5)
  A scorpion (D:4)
  An orc priest (D:4)
  An iguana (D:5)
  2 orc wizards (D:4)
  A hound skeleton (D:4)
  4 adders
  An adder skeleton (D:4)
  3 worms
  4 dart slugs
  6 orcs
  8 bats
  6 endoplasms
  3 giant cockroaches
  13 goblins
  7 hobgoblins
  7 jackals
  3 quokkas
  5 ball pythons
  3 frilled lizards (D:1)
  5 kobolds
  7 rats
  A spectral orc (D:3)
99 creatures vanquished.

Vanquished Creatures (others)
  2 plants (D:1)
  4 withered plants (D:1)
6 creatures vanquished.

Grand Total: 105 creatures vanquished

Notes
Turn   | Place    | Note
-------+----------+-------------------------------------------
     0 | D:1      | dianekeaton the Minotaur Berserker began the quest for the
                  | Orb.
     0 | D:1      | Reached XP level 1. HP: 19/19 MP: 0/0
   154 | D:1      | Reached skill level 4 in Maces & Flails
   210 | D:1      | Reached XP level 2. HP: 26/26 MP: 1/1
   317 | D:1      | Found a faded altar of an unknown god.
   431 | D:1      | Reached ** piety under Trog
   735 | D:2      | Reached skill level 5 in Maces & Flails
   837 | D:2      | Reached XP level 3. HP: 27/31 MP: 2/2
   989 | D:2      | Found an ornate altar of the Wu Jian Council.
  1602 | D:3      | Found a hide-covered altar of Uskayaw.
  1820 | D:3      | Reached XP level 4. HP: 39/39 MP: 3/3
  1834 | D:3      | Reached skill level 6 in Maces & Flails
  1963 | D:3      | Noticed a black bear
  1968 | D:3      | Killed a black bear
  1968 | D:3      | Reached *** piety under Trog
  1969 | D:3      | Reached skill level 7 in Maces & Flails
  1969 | D:3      | Reached skill level 1 in Stealth
  1969 | D:3      | Reached XP level 5. HP: 34/45 MP: 4/4
  2268 | D:3      | Found a basalt altar of Yredelemnul.
  2643 | D:4      | Reached XP level 6. HP: 10/51 MP: 5/5
  2927 | D:4      | Reached skill level 8 in Maces & Flails
  3599 | D:4      | HP: 2/76 [poisoned by a scorpion]
  3603 | D:4      | Gained mutation: You expend magic power (3 MP) to
                  | strengthen your wands. [potion of mutation]
  3603 | D:4      | Gained mutation: Your flesh is heat resistant. (rF+)
                  | [potion of mutation]
  3603 | D:4      | Gained mutation: You evolve. [potion of mutation]
  3604 | D:4      | HP: 1/76 [poisoned by a scorpion]
  3609 | D:4      | HP: 2/76 [poisoned by a scorpion]
  4164 | D:4      | Reached skill level 9 in Maces & Flails
  4164 | D:4      | Reached skill level 1 in Shields
  4164 | D:4      | Reached XP level 7. HP: 53/57 MP: 6/6
  4289 | D:5      | Entered Level 5 of the Dungeon
  4643 | D:5      | Reached skill level 10 in Maces & Flails
  4867 | D:5      | HP: 1/56 [wight (7)]
  4867 | D:5      | Slain by a wight

Illustrated notes

Levels and vault maps discovered:
D:1:      erik_arrival_orb_chamber, layout_basic,
          shapermc_ecumenical_altar_flowoftime
D:2:      layout_loops_ring, basic_altar
D:3:      layout_basic, eat_drink_and_be_merry_uskayaw,
          yredelemnul_forgotten_temple_becter
D:4:      layout_basic
D:5:      layout_loops_ring, sword_in_stone, uniq_blork_the_orc

Skill      XL: |  1  2  3  4  5  6  7 |
---------------+----------------------+-----
Maces & Flails | 4 5 7 9 10 | 10.4
Stealth        | 1 |  1.7
Shields        | 1 2 |  2.3
Fighting       | |  3.6
Armour         | |  2.4
Dodging        | |  2.1

Action                   |  1- 3 |  4- 6 |  7- 9 || total
-------------------------+-------+-------+-------++-------
Melee: Mace              |    99 |   110 |    34 ||   243
       Headbutt          |    21 |    16 |     6 ||    43
Invok: Berserk           |       |     1 |     1 ||     2
       Trog's Hand       |       |     1 |     1 ||     2
  Use: Scroll            |       |     4 |     3 ||     7
       Potion            |       |     8 |       ||     8
 Stab: Invisible         |       |     1 |       ||     1
Armor: Animal skin       |    18 |       |       ||    18
       Scale mail        |    34 |    38 |       ||    72
       Chain mail        |       |    38 |    20 ||    58
Dodge: Dodged            |    78 |    73 |     9 ||   160
Block: Buckler           |       |    22 |     9 ||    31
